AAA EAST
DURHAM BULLS @ JACKSONVILLE JUMBO SHRIMP
06/11/2042
 
TOP OF THE 1ST
Durham Bulls batting - Pitching for Jacksonville Jumbo Shrimp : RHP Chris Moser
Pitching: RHP Chris Moser
Batting: RHB Willie McCullough 0-0: Ground out 6-3 (Groundball, 6, EV 83.8 MPH)
Batting: LHB Jon Moore 0-0: Ball
1-0: Called Strike
1-1: Called Strike
1-2: Foul Ball, location: 2F
1-2: Ball
2-2: Hit by Pitch
Batting: SHB Walt Howell 0-0: Ball
1-0: Swinging Strike
1-1: Foul Ball, location: 2F
1-2: Ball
2-2: Foul Ball, location: 5FF
2-2: Foul Ball, location: 2F
2-2: Strikes out looking
Batting: LHB Heriberto Mellane 0-0: 2-RUN HOME RUN (Flyball, 89XD, EV 108.1 MPH), Distance : 418 ft
Batting: LHB Ron Johns 0-0: Ball
1-0: Ball
2-0: Ball
3-0: Called Strike
3-1: Swinging Strike
3-2: Base on Balls
Batting: RHB Chris Adams 0-0: Ball
1-0: Called Strike
1-1: Foul Ball, location: 2F
1-2: Fly out, F5 (Popup, 25F, EV 87.5 MPH)
Top of the 1st over - 2 runs, 1 hit, 0 errors, 1 left on base; Durham 2 - Jacksonville 0
BOTTOM OF THE 1ST
Jacksonville Jumbo Shrimp batting - Pitching for Durham Bulls : LHP Willie Brown
Pitching: LHP Willie Brown
Batting: SHB Steve Clark 0-0: DOUBLE (Line Drive, 9LS, EV 93.1 MPH)
Batting: RHB Butch Haig 0-0: Ball
1-0: Ground out 6-3 (Groundball, 6, EV 101.9 MPH)
Batting: RHB Raúl Toro 0-0: Ball
1-0: SINGLE (Groundball, 6, EV 91.9 MPH)
Steve Clark to third
Batting: RHB Kel Mearns 0-0: Ball
1-0: Ball
2-0: SINGLE (Line Drive, 6MD, EV 102.5 MPH)
Steve Clark scores
Raúl Toro to second
Batting: RHB Gilberto Souza 0-0: Ball
1-0: Called Strike
1-1: Called Strike
1-2: Ball
2-2: Ball
3-2: Foul Ball, location: 2F
3-2: Strikes out looking
Batting: RHB Sang-keun Park 0-0: Called Strike
0-1: Fielders Choice at 2nd, 6-4 (Groundball, 6, EV 86.3 MPH)
Bottom of the 1st over - 1 run, 3 hits, 0 errors, 2 left on base; Durham 2 - Jacksonville 1
TOP OF THE 2ND
Durham Bulls batting - Pitching for Jacksonville Jumbo Shrimp : RHP Chris Moser
Batting: LHB Don Bailey 0-0: Called Strike
0-1: Swinging Strike
0-2: Ball
1-2: SINGLE (Groundball, 34S, EV 72.5 MPH) (infield hit)
Batting: RHB Cristián Baudillo 0-0: Sac Bunt to 15 - play at first, batter OUT! 1-3
Don Bailey to second
Batting: RHB Tony Rincón 0-0: Ball
1-0: Called Strike
1-1: Ground out 6-3 (Groundball, 6, EV 88.1 MPH)
Batting: RHB Willie McCullough 0-0: 2-RUN HOME RUN (Flyball, 7LD, EV 94.4 MPH), Distance : 356 ft
Batting: LHB Jon Moore 0-0: Ball
1-0: Swinging Strike
1-1: Foul Ball, location: 7LDF
1-2: Ball
2-2: Ball
3-2: Fly out, F2 (Popup, 5SF, EV 83.1 MPH)
Top of the 2nd over - 2 runs, 2 hits, 0 errors, 0 left on base; Durham 4 - Jacksonville 1
BOTTOM OF THE 2ND
Jacksonville Jumbo Shrimp batting - Pitching for Durham Bulls : LHP Willie Brown
Batting: LHB Jerry López 0-0: Ground out U3 (Groundball, 34S, EV 86.9 MPH)
Batting: LHB Danny King 0-0: Ground out 4-3 (Groundball, 4S, EV 84.4 MPH)
Batting: RHB José Flores 0-0: Foul Ball, location: 5FF
0-1: Ball
1-1: Called Strike
1-2: Ball
2-2: Fly out, F8 (Flyball, 8RD, EV 108.1 MPH)
Bottom of the 2nd over - 0 runs, 0 hits, 0 errors, 0 left on base; Durham 4 - Jacksonville 1
TOP OF THE 3RD
Durham Bulls batting - Pitching for Jacksonville Jumbo Shrimp : RHP Chris Moser
Batting: SHB Walt Howell 0-0: Ball
1-0: Ground out 6-3 (Groundball, 6, EV 76.9 MPH)
Batting: LHB Heriberto Mellane 0-0: Called Strike
0-1: Foul Ball, location: 2F
0-2: Ball
1-2: Ball
2-2: Ball
3-2: Fly out, F9 (Flyball, 89M, EV 92.5 MPH)
Batting: LHB Ron Johns 0-0: Ball
1-0: Called Strike
1-1: Foul Ball, location: 2F
1-2: SINGLE (Groundball, 6MD, EV 103.1 MPH)
Batting: RHB Chris Adams 0-0: Ball
1-0: Called Strike
1-1: Foul Ball, location: 5F
1-2: DOUBLE (Flyball, 8RXD, EV 104.4 MPH)
Ron Johns to third
Batting: LHB Don Bailey 0-0: Ball
1-0: Fly out, F4 (Popup, 34, EV 71.3 MPH)
Top of the 3rd over - 0 runs, 2 hits, 0 errors, 2 left on base; Durham 4 - Jacksonville 1
BOTTOM OF THE 3RD
Jacksonville Jumbo Shrimp batting - Pitching for Durham Bulls : LHP Willie Brown
Batting: SHB Steve Clark 0-0: Ball
1-0: Fly out, F4 (Line Drive, 4, EV 66.9 MPH)
Batting: RHB Butch Haig 0-0: SINGLE (Groundball, 6, EV 83.8 MPH)
Batting: RHB Raúl Toro 0-0: Swinging Strike
0-1: Fly out, F9 (Line Drive, 89S, EV 96.9 MPH)
Batting: RHB Kel Mearns 0-0: Swinging Strike
Butch Haig is caught stealing 2nd base 2-4
Bottom of the 3rd over - 0 runs, 1 hit, 0 errors, 0 left on base; Durham 4 - Jacksonville 1
TOP OF THE 4TH
Durham Bulls batting - Pitching for Jacksonville Jumbo Shrimp : RHP Chris Moser
Batting: RHB Cristián Baudillo 0-0: Foul Ball, location: 3FF
0-1: Ball
1-1: Ball
2-1: Ball
3-1: Base on Balls
Batting: RHB Tony Rincón 0-0: Ball
1-0: Ball
2-0: Ball
3-0: Called Strike
3-1: Sac Bunt to P - play at first, batter OUT! 1-3
Cristián Baudillo to second
Batting: RHB Willie McCullough 0-0: Ball
1-0: Ball
2-0: Fly out, F8 (Flyball, 78M, EV 93.1 MPH)
Batting: LHB Jon Moore 0-0: Called Strike
0-1: Ball
1-1: Swinging Strike
1-2: Foul Ball, location: 9LMF
1-2: Ball
2-2: Foul Ball, location: 2F
2-2: Foul Ball, location: 2F
2-2: Strikes out swinging
Top of the 4th over - 0 runs, 0 hits, 0 errors, 1 left on base; Durham 4 - Jacksonville 1
BOTTOM OF THE 4TH
Jacksonville Jumbo Shrimp batting - Pitching for Durham Bulls : LHP Willie Brown
Batting: RHB Kel Mearns 0-0: Reaches on Catchers interference
Batting: RHB Gilberto Souza 0-0: Ball
1-0: Grounds into double play, 6-4-3 (Groundball, 6, EV 82.5 MPH)
Batting: RHB Sang-keun Park 0-0: Swinging Strike
0-1: Ball
1-1: Ball
2-1: DOUBLE (Flyball, 8RD, EV 107.5 MPH)
Batting: LHB Jerry López 0-0: Fly out, F6 (Popup, 6M, EV 56.3 MPH)
Bottom of the 4th over - 0 runs, 1 hit, 1 error, 1 left on base; Durham 4 - Jacksonville 1
TOP OF THE 5TH
Durham Bulls batting - Pitching for Jacksonville Jumbo Shrimp : RHP Chris Moser
Batting: SHB Walt Howell 0-0: Called Strike
0-1: Ball
1-1: Ball
2-1: Ball
3-1: Base on Balls
Batting: LHB Heriberto Mellane 0-0: Called Strike
0-1: Called Strike
0-2: Foul Ball, location: 3F
0-2: Foul Ball, location: 5F
0-2: Ball
1-2: Ball
2-2: Strikes out swinging
Batting: LHB Ron Johns 0-0: Ball
1-0: Called Strike
1-1: Called Strike
1-2: Foul Ball, location: 2F
1-2: Strikes out swinging
Batting: RHB Chris Adams 0-0: Foul Ball, location: 25FF
0-1: SINGLE (Line Drive, 89S, EV 94.4 MPH)
Walt Howell to second
Runner from 2nd tries for 3rd, SAFE, throw by RF made to third
Batting: LHB Don Bailey 0-0: Foul Ball, location: 7LMF
0-1: Foul Ball, location: 5SF
0-2: 3-RUN HOME RUN (Flyball, 9LD, EV 91.9 MPH), Distance : 341 ft
Pitching: RHP Ronnie Gullett
Batting: RHB Cristián Baudillo 0-0: Called Strike
0-1: Called Strike
0-2: Ground out 6-3 (Groundball, 6, EV 80.6 MPH)
Top of the 5th over - 3 runs, 2 hits, 0 errors, 0 left on base; Durham 7 - Jacksonville 1
BOTTOM OF THE 5TH
Jacksonville Jumbo Shrimp batting - Pitching for Durham Bulls : LHP Willie Brown
Batting: LHB Danny King 0-0: Ball
1-0: Foul Ball, location: 2LF
1-1: Foul Ball, location: 3F
1-2: Strikes out swinging, 2-3 out at first.
Batting: RHB José Flores 0-0: Called Strike
0-1: Swinging Strike
0-2: Strikes out looking
Batting: SHB Steve Clark 0-0: Foul Ball, location: 2F
0-1: Ball
1-1: Ball
2-1: DOUBLE (Line Drive, 89D, EV 98.8 MPH)
Batting: RHB Butch Haig 0-0: Ball
1-0: SINGLE (Groundball, 6MD, EV 102.5 MPH)
Steve Clark to third
Runner from 3rd tries for Home, SAFE, throw by CF to home
Butch Haig to second
Batting: RHB Raúl Toro 0-0: Ground out 5-3 (Groundball, 56S, EV 71.3 MPH)
Bottom of the 5th over - 1 run, 2 hits, 0 errors, 1 left on base; Durham 7 - Jacksonville 2
TOP OF THE 6TH
Durham Bulls batting - Pitching for Jacksonville Jumbo Shrimp : RHP Ronnie Gullett
Batting: RHB Tony Rincón 0-0: Ball
1-0: Called Strike
1-1: Ball
2-1: Foul Ball, location: 25FF
2-2: Foul Ball, location: 2F
2-2: Foul Ball, location: 9LSF
2-2: Ball
3-2: Fly out, F8 (Flyball, 8RXD, EV 108.8 MPH)
Batting: RHB Willie McCullough 0-0: Called Strike
0-1: Ball
1-1: Ball
2-1: SINGLE (Groundball, 6D, EV 105.6 MPH)
Batting: LHB Jon Moore 0-0: Called Strike
Willie McCullough steals 2nd base (no throw)
0-1: Foul Ball, location: 2F
0-2: Ball
1-2: Foul Ball, location: 2F
1-2: Ball
2-2: Ground out 6-3 (Groundball, 6, EV 80.6 MPH)
Batting: SHB Walt Howell 0-0: Ball
1-0: Ball
2-0: Ball
3-0: Base on Balls
Batting: LHB Heriberto Mellane 0-0: Called Strike
0-1: Ball
1-1: Foul Ball, location: 3DF
1-2: Strikes out swinging
Top of the 6th over - 0 runs, 1 hit, 0 errors, 2 left on base; Durham 7 - Jacksonville 2
BOTTOM OF THE 6TH
Jacksonville Jumbo Shrimp batting - Pitching for Durham Bulls : LHP Willie Brown
Batting: RHB Kel Mearns 0-0: Ball
1-0: SINGLE (Line Drive, 89M, EV 103.1 MPH)
Batting: RHB Gilberto Souza 0-0: Ball
1-0: Swinging Strike
1-1: Foul Ball, location: 9LSFF
1-2: Strikes out looking
Batting: RHB Sang-keun Park 0-0: Ball
1-0: Called Strike
1-1: Ball
2-1: Foul Ball, location: 5FF
2-2: Fly out, F8 (Flyball, 8RM, EV 88.1 MPH)
Batting: LHB Jerry López 0-0: Called Strike
0-1: Ball
1-1: Ground out 4-3 (Groundball, 4S, EV 85.0 MPH)
Bottom of the 6th over - 0 runs, 1 hit, 0 errors, 1 left on base; Durham 7 - Jacksonville 2
TOP OF THE 7TH
Durham Bulls batting - Pitching for Jacksonville Jumbo Shrimp : RHP Ronnie Gullett
Batting: LHB Ron Johns 0-0: Ball
1-0: Ball
2-0: Called Strike
2-1: Foul Ball, location: 2F
2-2: Ball
3-2: Foul Ball, location: 5FF
3-2: Foul Ball, location: 9LDF
3-2: Base on Balls
Batting: RHB Chris Adams 0-0: Called Strike
0-1: Called Strike
Ron Johns is caught stealing 2nd base 2-4
0-2: Strikes out swinging
Batting: LHB Don Bailey 0-0: Ball
1-0: Called Strike
1-1: Ball
2-1: DOUBLE (Groundball, 3L, EV 100.0 MPH)
Batting: RHB Cristián Baudillo 0-0: Ball
1-0: Foul Ball, location: 9LSF
1-1: Ball
2-1: Called Strike
2-2: Ball
3-2: Base on Balls
Pitching: RHP Mario Solís
Batting: RHB Tony Rincón 0-0: Fielders Choice at 3rd, U5 (Groundball, 5, EV 92.5 MPH)
Top of the 7th over - 0 runs, 1 hit, 0 errors, 1 left on base; Durham 7 - Jacksonville 2
BOTTOM OF THE 7TH
Jacksonville Jumbo Shrimp batting - Pitching for Durham Bulls : LHP Willie Brown
Batting: LHB Danny King 0-0: Ball
1-0: Ball
2-0: Ball
3-0: Called Strike
3-1: Foul Ball, location: 2F
3-2: Foul Ball, location: 5SF
3-2: Ground out 4-3 (Groundball, 4, EV 83.8 MPH)
Batting: RHB José Flores 0-0: Ground out 4-3 (Groundball, 13, EV 81.9 MPH)
Batting: SHB Steve Clark 0-0: SINGLE (Groundball, 3D, EV 109.4 MPH)
Batting: RHB Butch Haig 0-0: Swinging Strike
0-1: Swinging Strike
0-2: Ball
1-2: Ball
2-2: Strikes out looking
Bottom of the 7th over - 0 runs, 1 hit, 0 errors, 1 left on base; Durham 7 - Jacksonville 2
TOP OF THE 8TH
Durham Bulls batting - Pitching for Jacksonville Jumbo Shrimp : RHP Mario Solís
Batting: RHB Willie McCullough 0-0: Ball
1-0: Called Strike
1-1: Ground out U3 (Groundball, 34, EV 83.8 MPH)
Batting: LHB Jon Moore 0-0: Fly out, F4 (Popup, 3DF, EV 53.1 MPH)
Batting: SHB Walt Howell 0-0: Ball
1-0: Ball
2-0: Ball
3-0: Called Strike
3-1: Called Strike
3-2: Foul Ball, location: 2F
3-2: Base on Balls
Batting: LHB Heriberto Mellane 0-0: Foul Ball, location: 2F
0-1: Ball
1-1: Swinging Strike
1-2: Ball
2-2: Strikes out swinging
Top of the 8th over - 0 runs, 0 hits, 0 errors, 1 left on base; Durham 7 - Jacksonville 2
BOTTOM OF THE 8TH
Jacksonville Jumbo Shrimp batting - Pitching for Durham Bulls : LHP Willie Brown
Batting: RHB Raúl Toro 0-0: Foul Ball, location: 7LSF
0-1: Fly out, F2 (Popup, 15S, EV 82.5 MPH)
Batting: RHB Kel Mearns 0-0: Ball
1-0: Called Strike
1-1: Foul Ball, location: 2F
1-2: Ball
2-2: DOUBLE (Line Drive, 9LM, EV 88.8 MPH)
Batting: RHB Gilberto Souza 0-0: Called Strike
0-1: DOUBLE (Flyball, 8LXD, EV 96.3 MPH)
Kel Mearns scores
Pinch Runner at 2nd Sean Davidson:
Batting: RHB Sang-keun Park 0-0: Ball
1-0: Ball
2-0: Called Strike
2-1: Ground out 6-3 (Groundball, 56, EV 96.3 MPH)
Batting: LHB Jerry López 0-0: Ball
1-0: Ball
2-0: Ball
3-0: Called Strike
3-1: Foul Ball, location: 3F
3-2: Ground out 4-3 (Groundball, 4, EV 88.8 MPH)
Bottom of the 8th over - 1 run, 2 hits, 0 errors, 1 left on base; Durham 7 - Jacksonville 3
TOP OF THE 9TH
Durham Bulls batting - Pitching for Jacksonville Jumbo Shrimp : RHP Mario Solís
Now in CF: Sean Davidson
Batting: LHB Ron Johns 0-0: Ball
1-0: Ball
2-0: Ball
3-0: Called Strike
3-1: Fly out, F2 (Popup, 2L, EV 90.6 MPH)
Batting: RHB Chris Adams 0-0: Foul Ball, location: 2F
0-1: Ball
1-1: Ground out 5-3 (Groundball, 5, EV 87.5 MPH)
Batting: LHB Don Bailey 0-0: Reaches on Catchers interference
Batting: RHB Cristián Baudillo 0-0: Ball
1-0: Called Strike
1-1: Foul Ball, location: 2F
1-2: Strikes out swinging
Top of the 9th over - 0 runs, 0 hits, 1 error, 1 left on base; Durham 7 - Jacksonville 3
BOTTOM OF THE 9TH
Jacksonville Jumbo Shrimp batting - Pitching for Durham Bulls : LHP Willie Brown
Pitching: RHP Monty Howell
Batting: LHB Danny King 0-0: Ball
1-0: Called Strike
1-1: Ball
2-1: SINGLE (Groundball, 13S, EV 66.3 MPH) (infield hit)
Pinch Hitting: SHB Jorge Mendoza 0-0: Ball
1-0: Fielders Choice at 2nd, 4-6 (Groundball, 34D, EV 95.6 MPH)
Batting: SHB Steve Clark 0-0: Fielders Choice at 2nd, 4-6 (Groundball, 4, EV 76.3 MPH)
Batting: RHB Butch Haig 0-0: Foul Ball, location: 2LF
0-1: Called Strike
0-2: Fly out, F8 (Flyball, 8RM, EV 90.6 MPH)
Bottom of the 9th over - 0 runs, 1 hit, 0 errors, 1 left on base; Durham 7 - Jacksonville 3
Friday, May 3rd , 2024 - OOTP Baseball 24.10 Build 82